 Dungeon Crawl Stone Soup version 0.24.0-2-g5b39cebb1c (webtiles) character file.

Game seed: 16598235703238328340, levelgen mode: deterministic

417 Mesmaeker13 the Shield-Bearer (level 7, -6/56 HPs)
             Began as a Formicid Fighter on Oct 29, 2019.
             Killed by divine providence
             ... invoked by an orc priest
              (13 damage)
             ... on level 4 of the Dungeon.
             The game lasted 00:04:54 (3128 turns).

Mesmaeker13 the Shield-Bearer (Formicid Fighter)    Turns: 3128, Time: 00:04:55

Health: -6/56      AC: 11    Str: 21    XL:     7   Next: 15%
Magic:  7/7        EV:  8    Int:  8    God:
Gold:   111        SH: 10    Dex: 11    Spells: 6/6 levels left

rFire    . . .     SeeInvis +   a - +0 long sword
rCold    . . .     Gourm    .   c - +0 shield
rNeg     . . .     Faith    .   b - +0 scale mail
rPois    .         Spirit   .   (helmet unavailable)
rElec    .         Reflect  .   j - +2 cloak
rCorr    .         Harm     .   (no gloves)
MR       .....                  u - +0 pair of boots
Stlth    ..........             (no amulet)
HPRegen  0.18/turn              (no ring)
MPRegen  0.10/turn              (no ring)

@: no status effects
A: permanent stasis, dig shafts and tunnels, four strong arms, antennae 3
a: Dig, Shaft Self


You were on level 4 of the Dungeon.
You were not hungry.

You visited 1 branch of the dungeon, and saw 4 of its levels.

You collected 111 gold pieces.

Inventory:

Hand Weapons
 a - a +0 long sword (weapon)
Armour
 b - a +0 scale mail (worn)
 c - a +0 shield (worn)
 j - a +2 cloak (worn)
 u - a +0 pair of boots (worn)
 x - a +0 large shield
Wands
 p - a wand of scattershot (5)
Scrolls
 g - a scroll of remove curse {unknown}
 k - a scroll of noise
 w - a scroll of immolation
Potions
 d - 3 potions of might
 l - a potion of curing
 m - a potion of heal wounds
 o - 2 potions of haste
 q - 2 potions of lignification
 r - a potion of flight {unknown}
 t - a potion of magic {unknown}
Comestibles
 f - 6 rations
 h - 2 chunks of flesh


   Skills:
 + Level 5.0 Fighting
 + Level 3.9 Long Blades
 + Level 5.0 Armour
 + Level 5.4 Shields


You had 6 spell levels left.
You didn't know any spells.
Your spell library was empty.

Dungeon Overview and Level Annotations

Branches:
Dungeon (4/15)
 Temple: D:4-7

Altars:
Nemelex Xobeh
Xom
Yredelemnul

Annotations:
D:3 2 runed translucent doors, Daviar's ghost, amateur HuTm


Innate Abilities, Weirdness & Mutations

You cannot be hasted, slowed, berserked, paralysed or teleported.
You can dig through walls and to a lower floor.
Your four strong arms can wield two-handed weapons with a shield.
You have a pair of large antennae on your head. (SInv)


Message History

The orc wizard dies!
Your Fighting skill increases to level 5!
Your Armour skill increases to level 5!
You block the orc priest's attack.
Things that are here:
a +0 dagger; a +0 robe; an orc corpse You hit the orc priest.
The orc priest is almost dead.
The orc priest hits you.
The orc priest miscasts a cantrip.
Your shield and scale mail prevent you from hitting the orc priest.
The orc priest is almost dead.
The orc priest invokes the aid of Beogh against you.
Beogh smites you!
* * * LOW HITPOINT WARNING * * *
You closely miss the orc priest.
The orc priest is almost dead.
The orc priest mumbles some strange prayers to Beogh against you.
Beogh smites you!
You die...

#.## #...##..######### #..
#{#.###..)......### ..#..
...#.# #########...# ...##
#.###.# ###.#
###...####.##..#############.#
............................#
###...##..# #.# #......######
......##.####.####......#
.<)>............@o......#
##.......###..####......#
#รท###...##..## ##<.....#
#..####....#####....#### .....
#.......##.####
...##.##..####....# ....
..##.# ##^.## .... ..#.. ....#
.... ...........#


You could see an orc priest.

Vanquished Creatures
  An ogre (D:4)
  2 orc priests
  2 orc wizards (D:3)
  3 gnolls (D:3)
  7 adders
  A worm (D:3)
  2 dart slugs (D:2)
  3 leopard geckos
  15 orcs
  7 bats
  6 giant cockroaches
  9 goblins
  7 hobgoblins
  3 jackals (D:3)
  7 kobolds
  2 ball pythons
  4 frilled lizards
  A leopard gecko skeleton (D:4)
  8 rats
90 creatures vanquished.

Vanquished Creatures (others)
  An orc wizard (D:4)
1 creature vanquished.

Grand Total: 91 creatures vanquished

Notes
Turn   | Place    | Note
-------+----------+-------------------------------------------
     0 | D:1      | Mesmaeker13 the Formicid Fighter began the quest for the
                  | Orb.
     0 | D:1      | Reached XP level 1. HP: 18/18 MP: 1/1
    72 | D:1      | Reached XP level 2. HP: 23/24 MP: 2/2
   456 | D:1      | Reached XP level 3. HP: 28/29 MP: 3/3
   892 | D:2      | Reached XP level 4. HP: 25/37 MP: 4/4
  1396 | D:2      | Found a shimmering altar of Xom.
  1397 | D:2      | Found a sparkling altar of Nemelex Xobeh.
  1397 | D:2      | Found a basalt altar of Yredelemnul.
  1509 | D:3      | Reached XP level 5. HP: 42/42 MP: 5/5
  1561 | D:3      | Found a runed translucent door.
  1562 | D:3      | Noticed Daviar's ghost (amateur HuTm)
  1681 | D:3      | Found a runed translucent door.
  2259 | D:3      | Reached XP level 6. HP: 30/49 MP: 6/6
  2494 | D:3      | Reached skill level 5 in Shields
  2808 | D:4      | Noticed an ogre
  2810 | D:4      | Killed an ogre
  3089 | D:4      | Reached XP level 7. HP: 54/55 MP: 7/7
  3124 | D:4      | Reached skill level 5 in Fighting
  3124 | D:4      | Reached skill level 5 in Armour
  3128 | D:4      | Killed from afar by an orc priest

Levels and vault maps discovered:
D:1:      saegor_arrival_miasma, layout_loops_corners, minmay_box_of_dots
D:2:      layout_rooms, minitemple, first_ration,
          minmay_fractal_squares_gapless_5
D:3:      layout_loops_corners, ebering_ghost_sewer_f, serial_aquarium,
          aquarium_bridge_square [aquarium_subvault_bridge,
          aquarium_subvault_bridge, aquarium_subvault_bridge,
          aquarium_subvault_balcony], aquarium_window_1,
          aquarium_window_corridor_3, aquarium_view_2e,
          aquarium_balcony_double_4
D:4:      cheibrodos_helix_gallery, layout_rooms, nicolae_overflow_hidden_temple

Skill      XL: |  1  2  3  4  5  6  7 |
---------------+----------------------+-----
Shields        | 4 5 |  5.4
Armour         | 4 5 |  5.0
Fighting       | 4 5 |  5.0
Long Blades    | 3 |  3.9

Action                   |  1- 3 |  4- 6 |  7- 9 || total
-------------------------+-------+-------+-------++-------
Melee: Long sword        |   110 |   199 |    12 ||   321
Evoke: Wand              |       |     1 |       ||     1
  Use: Scroll            |     1 |     8 |       ||     9
       Potion            |       |     3 |       ||     3
  Eat: Chunk             |       |     8 |       ||     8
Armor: Scale mail        |    50 |    88 |     3 ||   141
Dodge: Dodged            |    41 |    71 |       ||   112
Block: Shield            |    67 |   134 |     4 ||   205
       Rpst.: Long sword |    10 |    23 |       ||    33
